 Dungeon Crawl Stone Soup version 0.28.0-43-g3370ac3207 (webtiles) character file.

Game seed: 7785898318678060566

95 croobank the Skirmisher (level 4, 0/41 HPs)
             Began as a Hill Orc Fighter on Mar 14, 2022.
             Slain by Grinder (8 damage)
             ... on level 3 of the Dungeon.
             The game lasted 00:06:52 (2141 turns).

croobank the Skirmisher (Hill Orc Fighter)          Turns: 2141, Time: 00:06:52

Health: 0/41       AC:  8    Str: 20    XL:     4   Next: 66%
Magic:  4/4        EV:  9    Int:  8    God:
Gold:   148        SH:  4    Dex: 10    Spells: 3/3 levels left

rFire   . . .      SeeInvis .   a - +0 war axe
rCold   . . .      Faith    .   c - +0 buckler
rNeg    . . .      Spirit   .   q - +0 scale mail
rPois   .          Reflect  .   (no helmet)
rElec   .          Harm     .   p - scarf {repulsion}
rCorr   .          Rampage  .   (no gloves)
Will    .....                   l - +0 pair of boots
Stlth   ..........              (no amulet)
HPRegen 0.13/turn               (no ring)
MPRegen 0.09/turn               (no ring)

@: mighty, silenced, repel missiles
A: no striking features
a: no special abilities


You were on level 3 of the Dungeon.
You visited 1 branch of the dungeon, and saw 3 of its levels.

You collected 148 gold pieces.

Inventory:

Hand Weapons
 a - a +0 war axe (weapon)
 b - a +0 hunting sling
 i - a +0 hand crossbow
 k - a +2 short sword of electrocution
 n - a +0 falchion
Missiles
 f - 96 stones (quivered)
 h - 52 bolts
Armour
 c - a +0 buckler (worn)
 l - a +0 pair of boots (worn)
 m - a +0 plate armour
 p - a scarf of repulsion (worn)
 q - a +0 scale mail (worn)
Potions
 d - a potion of might
 g - 2 potions of degeneration
 j - a potion of curing {unknown}


   Skills:
 + Level 4.4 Fighting
 + Level 3.9 Axes
 + Level 4.0 Armour
 + Level 4.0 Shields


You had 3 spell levels left.
You didn't know any spells.
Your spell library contained the following spells:

 Spells                   Type           Power      Damage    Failure   Level
 Dispersal                Tloc           0%         N/A       100%        6
 Disjunction              Tloc           0%         N/A       100%        8


Dungeon Overview and Level Annotations

Branches:
Dungeon (3/15)

Altars:

Shops:
D:3 [

Annotations:
D:3 Grinder


Message History

You kill the goblin!
You see here a +0 club.
Grinder comes into view.
Grinder shouts!
Grinder moves out of view.
As you read the scroll labelled AFYNAN NEAGEC, it crumbles to dust.
It is a scroll of identify.
g - 2 potions of degeneration
As you read the scroll labelled HOCVUGGIERE, it crumbles to dust.
A profound silence engulfs you.
It was a scroll of silence.
Grinder hits you.
You writhe in agony.
You closely miss Grinder. Grinder hits you but does no damage.
You barely miss Grinder. Grinder gestures at you.
You suddenly lose the ability to move!
Grinder gestures at you. Pain shoots through your body!
Grinder hits you but does no damage. Grinder completely misses you.
Grinder gestures at you. Pain shoots through your body!
You can move again.
You hit Grinder.
Grinder is lightly wounded.
You block Grinder's attack. Grinder hits you but does no damage.
You hit Grinder.
Grinder is lightly wounded.
Grinder hits you but does no damage.
You slash Grinder!
Grinder is heavily wounded.
Grinder hits you. x2
* * * LOW HITPOINT WARNING * * *
You writhe in agony.
* * * LOW HITPOINT WARNING * * *
You feel very mighty all of a sudden. Grinder hits you but does no damage.
You barely miss Grinder.
Grinder is heavily wounded.
Grinder hits you!
You die...

.....##.######## ..#
#.. #.# #. ... # #.#
#. .. #. #.# #. ..
#.. #.# #. #. #....
#.# #. #. #.....#.#
#.
#5##.....#.#######.
#.@#.............#.
####.####.#..∩.....#.
#.....# # #........#.
#.....# #........#.
#.....# #........##
#.....# .#........#
#.....## .#........#
#......# .#........#
######.##.##.#######


You could see Grinder (unsilenced).

Vanquished Creatures
  3 gnolls (D:2)
  3 dart slugs (D:1)
  2 orcs (D:3)
  7 endoplasms
  3 giant cockroaches
  A hobgoblin (D:1)
  3 jackals (D:2)
  6 quokkas
  5 ball pythons
  4 bats
  5 frilled lizards
  3 goblins
  6 kobolds
  3 rats (D:1)
54 creatures vanquished.

Vanquished Creatures (collateral kills)
  A goblin (D:2)
1 creature vanquished.

Grand Total: 55 creatures vanquished

Notes
Turn   | Place    | Note
-------+----------+-------------------------------------------
     0 | D:1      | croobank the Hill Orc Fighter began the quest for the Orb.
     0 | D:1      | Reached XP level 1. HP: 19/19 MP: 1/1
   204 | D:1      | Reached XP level 2. HP: 19/27 MP: 2/2
   585 | D:1      | Reached XP level 3. HP: 29/33 MP: 3/3
   751 | D:2      | Reached XP level 4. HP: 26/40 MP: 4/4
  1982 | D:3      | Found a faded altar of an unknown god.
  1999 | D:3      | Found Wedoem's Antique Armour Shoppe.
  2126 | D:3      | Noticed Grinder
  2132 | D:3      | Paralysed by Grinder for 5 turns
  2141 | D:3      | Slain by Grinder

Illustrated notes

Levels and vault maps discovered:
D:1:      beargit_arrival_greenhouse, layout_rooms, supply_closet_lemuel
D:2:      layout_basic
D:3:      layout_basic, serial_shops, shop, chequers_ecumenical_altar_twisty,
          chequers_serial_rivers_micro_c, uniq_grinder

Skill      XL: |  1  2  3  4 |
---------------+-------------+-----
Axes           | 3 |  3.9
Fighting       | 4 |  4.4
Shields        | 4 |  4.0
Armour         | 4 |  4.0

Action                   |  1- 3 |  4- 6 || total
-------------------------+-------+-------++-------
Melee: War axe           |    80 |    89 ||   169
  Use: Scroll            |       |     7 ||     7
       Potion            |       |     1 ||     1
Armor: Scale mail        |    36 |    53 ||    89
Dodge: Dodged            |    49 |    57 ||   106
Block: Buckler           |    19 |    21 ||    40
